Map: Heavy Artillery LE

Players

qqq - Winner!

  • Race: Zerg Zerg
  • Spawn Location: 3:00

Massa - Winner!

  • Race: Terran Terran
  • League: Platinum
  • Spawn Location: 1:00

Soulreaver

  • Race: Zerg Zerg
  • Spawn Location: 7:00

BussiBärchen

  • Race: Protoss Protoss
  • League: Diamond
  • Spawn Location: 7:00

VOD

Have the link to the VOD?

Description

Time

  • Played on: Feb. 23, 2021, 3:33 p.m.
  • Length: 15:34
Show
View Real Time Build Order
Export as new Build Order

qqq Zerg - Winner!

Build Orders: Hatch First 

Get SALT Encoding   

  12  0:00  Drone  
  13  0:12  Drone  
  14  0:17  Overlord  
  14  0:36  Drone x2  
  14  0:37  Drone  
  17  0:57  Hatchery  
  17  1:01  Drone  
  17  1:15  Spawning Pool  
  17  1:16  Extractor  
  15  1:22  Drone  
  15  1:23  Drone  
  17  1:26  Drone  
  18  1:47  Drone x2  
  20  2:04  Queen  
  22  2:09  Queen  
  22  2:12  Drone  
  22  2:13  Drone  
  22  2:15  Drone  
  27  2:16  Overlord  
  27  2:22  Drone  
  28  2:44  Metabolic Boost  
  28  2:47  Drone x2  
  30  2:54  Drone  
  30  2:56  Drone  
  32  3:00  Lair  
  32  3:01  Hatchery  
  32  3:03  Zergling x2  
  33  3:05  Drone  
  33  3:12  Zergling x4  
  35  3:15  Drone  
  35  3:17  Overlord  
  36  3:28  Overlord x2  
  36  3:37  Zergling x2  
  36  3:38  Zergling x6  
  40  3:49  Zergling x2  
  40  3:50  Zergling x2  
  42  3:56  Spine Crawler  
  42  4:00  Drone x3  
  44  4:08  Zergling x8  
  44  4:12  Zergling x2  
  45  4:17  Drone  
  45  4:18  Drone  
  45  4:24  Zergling x4  
  47  4:39  Drone, Spire  
  47  4:40  Drone x3, Extractor  
  47  4:45  Extractor  
  48  4:48  Queen  
  47  5:03  Zergling x8  
  47  5:04  Drone x4  
  47  5:05  Drone x2  
  57  5:13  Zergling x2  
  58  5:21  Drone  
  57  5:22  Drone, Overlord x3  
  57  5:28  Extractor  
  55  5:35  Drone x2  
  57  5:41  Overlord x2  
  57  5:43  Overlord x3  
  57  5:50  Drone x2  
  57  5:51  Drone  
  57  5:53  Zerg Flyer Weapons Level 1  
  57  5:56  Overseer  
  60  5:57  Mutalisk  
  60  6:00  Mutalisk  
  64  6:10  Mutalisk  
  58  6:17  Overlord  
  58  6:18  Overlord  
  58  6:19  Drone x2  
  58  6:23  Extractor, Drone x2  
  58  6:24  Drone x3, Extractor  
  58  6:25  Mutalisk  
  65  6:26  Hatchery  
  64  6:33  Drone  
  64  6:34  Mutalisk  
  64  6:39  Drone  
  68  6:44  Mutalisk  
  68  6:46  Mutalisk  
  72  6:50  Drone  
  73  6:55  Mutalisk  
  73  6:58  Drone  
  75  7:03  Mutalisk  
  77  7:18  Mutalisk x2  
  77  7:20  Drone x2  
  83  7:31  Drone x3  
  83  7:32  Mutalisk  
  83  7:33  Mutalisk  
  90  7:39  Drone x2, Infestation Pit  
  90  7:43  Queen  
  93  7:46  Drone  
  93  7:48  Mutalisk  
  93  7:51  Mutalisk  
  96  7:53  Hatchery  
  96  7:55  Hatchery  
  96  7:59  Hatchery  
  96  8:03  Mutalisk  
  96  8:04  Corruptor x2  
  101  8:08  Drone x4  
  101  8:09  Drone  
  106  8:16  Corruptor x2  
  106  8:18  Drone  
  106  8:19  Drone  
  112  8:42  Corruptor x3  
  112  8:43  Corruptor  
  112  8:44  Drone x5  
  112  8:46  Drone  
  126  8:49  Spore Crawler  
  126  8:52  Spine Crawler  
  126  8:53  Spine Crawler  
  101  9:06  Corruptor x3  
  97  9:10  Drone x3, Hive  
  97  9:11  Drone  
  101  9:18  Extractor  
  101  9:19  Extractor, Spore Crawler  
  101  9:21  Drone, Spine Crawler  
  101  9:22  Drone x3, Spore Crawler  
  100  9:26  Zerg Flyer Armor Level 1  
  100  9:28  Drone x3  
  103  9:31  Spore Crawler  
  103  9:33  Spore Crawler  
  103  9:34  Drone  
  103  9:35  Drone  
  103  9:37  Spore Crawler, Corruptor  
  103  9:38  Corruptor  
  104  9:40  Corruptor  
  104  9:45  Drone x3  
  111  9:46  Drone  
  111  9:48  Corruptor  
  114  9:53  Corruptor  
  114  9:55  Corruptor  
  118  10:01  Corruptor  
  118  10:02  Corruptor  
  122  10:12  Drone  
  122  10:13  Drone x6, Spire  
  128  10:16  Spine Crawler  
  128  10:18  Extractor, Drone  
  128  10:19  Drone x2  
  128  10:20  Drone  
  130  10:23  Viper  
  133  10:29  Viper  
  136  10:37  Spine Crawler  
  135  10:45  Corruptor x2  
  135  10:49  Spine Crawler  
  138  10:50  Spine Crawler  
  138  10:51  Drone x2  
  138  10:52  Drone x8  
  149  10:57  Drone x2  
  149  10:58  Drone x3  
  152  11:04  Drone x2  
  152  11:06  Overlord x5  
  152  11:07  Overlord  
  152  11:10  Extractor  
  153  11:12  Spine Crawler  
  153  11:13  Extractor, Drone x3  
  154  11:21  Overlord x3  
  154  11:23  Zerg Flyer Weapons Level 2  
  154  11:24  Queen  
  156  11:26  Zerg Flyer Armor Level 2  
  156  11:32  Drone x4  
  160  11:33  Drone x3  
  160  11:34  Corruptor  
  160  11:35  Corruptor  
  160  11:37  Corruptor  
  160  11:39  Corruptor  
  169  11:41  Corruptor  
  169  11:44  Corruptor  
  175  11:51  Corruptor x4  
  183  11:58  Drone x2  
  183  11:59  Corruptor x3  
  191  12:16  Extractor  
  191  12:20  Extractor  
  191  12:21  Corruptor x2  
  191  12:22  Corruptor x3  
  199  12:31  Drone  
  199  12:34  Hatchery  
  199  12:38  Drone x2, Spine Crawler x2  
  198  12:46  Spine Crawler x2  
  198  12:47  Drone  
  198  12:48  Drone x7, Spine Crawler x3  
  198  12:49  Drone  
  135  13:43  Corruptor x2  
  135  13:44  Corruptor x7  
  135  13:47  Corruptor x6  
  161  13:48  Corruptor x2  
  161  13:49  Corruptor x4  
  173  13:57  Drone x2  
  175  14:07  Corruptor x5  
  175  14:08  Corruptor x2  
  189  14:10  Viper x2  
  189  14:11  Drone  
  186  14:40  Mutalisk x5  
  186  14:41  Mutalisk  
  196  14:50  Drone  
  196  14:51  Drone x2, Zergling x2  
Show
View Real Time Build Order
Export as new Build Order

Massa Terran - Winner!

Build Orders:  

Get SALT Encoding   

  12  0:00  SCV  
  13  0:12  SCV  
  14  0:20  Supply Depot  
  14  0:24  SCV  
  15  0:42  SCV  
  16  0:43  Barracks  
  16  0:50  Refinery  
  16  0:54  SCV  
  17  1:13  SCV  
  18  1:25  SCV  
  19  1:38  Orbital Command  
  19  1:43  Marine  
  20  1:51  Command Center  
  20  2:01  Barracks Reactor  
  20  2:05  Supply Depot  
  21  2:08  SCV  
  21  2:18  Factory  
  21  2:25  SCV  
  22  2:37  SCV  
  23  2:45  Marine  
  23  2:46  Marine  
  23  2:48  Command Center  
  23  2:50  SCV  
  26  3:02  SCV  
  26  3:04  Hellion, Marine x2  
  31  3:10  Supply Depot  
  31  3:16  SCV  
  31  3:17  Orbital Command  
  32  3:31  Barracks Tech Lab  
  31  3:36  SCV  
  31  3:39  Hellion x2  
  36  3:48  SCV  
  37  3:50  Marine  
  33  4:08  Marine  
  33  4:09  Hellion x2  
  37  4:21  SCV x3  
  37  4:25  Marine  
  37  4:30  Barracks  
  37  4:31  Barracks, Hellion x2  
  39  4:33  SCV x2  
  39  4:35  Orbital Command  
  41  4:45  SCV  
  41  4:46  SCV  
  41  4:48  Engineering Bay  
  41  4:52  Hellion x2  
  40  5:05  Marine  
  40  5:07  SCV x3  
  43  5:13  Refinery  
  43  5:14  Hellion x2  
  48  5:19  SCV x3  
  51  5:22  Marine  
  52  5:28  Barracks Tech Lab  
  52  5:29  Barracks Reactor  
  52  5:30  Missile Turret  
  52  5:31  SCV  
  52  5:34  Starport  
  53  5:36  Starport, Refinery, Terran Infantry Weapons Level 1  
  53  5:42  Supply Depot  
  53  5:43  Supply Depot  
  53  5:44  Missile Turret  
  53  5:47  Supply Depot  
  53  5:50  Missile Turret  
  53  5:58  Stimpack  
  53  6:01  Refinery  
  53  6:12  Widow Mine x2, Marine x4  
  53  6:17  Starport Tech Lab, Starport Reactor  
  61  6:22  Barracks  
  61  6:24  Barracks  
  61  6:30  Marine x2  
  63  6:33  Widow Mine  
  63  6:35  Widow Mine  
  67  6:40  Combat Shield  
  67  6:46  Marine x2  
  69  6:48  Marine x2  
  69  6:53  Armory, Missile Turret  
  71  6:54  Widow Mine  
  71  6:58  Engineering Bay  
  71  6:59  SCV x3  
  76  7:03  Marine  
  77  7:10  Supply Depot  
  77  7:11  Missile Turret  
  77  7:14  Supply Depot  
  77  7:15  Supply Depot  
  77  7:30  Barracks Reactor  
  77  7:31  Terran Infantry Armor Level 1, Marine x2  
  77  7:32  Widow Mine x2, SCV x2  
  77  7:35  Barracks Reactor, SCV, Marine x2  
  88  7:45  Supply Depot  
  88  7:47  Supply Depot  
  88  7:49  Marine  
  89  7:53  Marauder, Marine  
  89  7:54  Marauder  
  89  7:57  Command Center  
  94  8:07  Marine, Supply Depot  
  94  8:11  Supply Depot  
  95  8:32  Marine  
  95  8:33  Marauder x2, Marine  
  101  8:48  Widow Mine x2  
  105  8:49  Marine x4  
  105  8:50  Marine x2  
  105  8:54  Marauder x2  
  110  9:07  Marine x3  
  110  9:08  Marine x3  
  110  9:09  Widow Mine x2  
  101  9:15  Marine  
  92  9:19  Planetary Fortress  
  92  9:28  Command Center  
  92  9:30  Widow Mine  
  92  9:31  Widow Mine, Missile Turret  
  96  9:33  Terran Infantry Weapons Level 2, Missile Turret  
  96  9:34  Terran Infantry Armor Level 2  
  96  9:41  Medivac x3  
  96  9:47  Concussive Shells  
  96  9:48  Marine  
  96  9:50  Marine x6  
  96  9:51  Marine  
  96  9:52  Missile Turret  
  102  9:53  Missile Turret  
  102  9:58  Terran Vehicle And Ship Armor Level 1  
  102  10:06  Marine, Corvid Reactor  
  103  10:07  Factory, Marine  
  103  10:08  Marine  
  103  10:09  Factory  
  103  10:11  Medivac  
  107  10:17  Sensor Tower  
  107  10:18  Orbital Command  
  107  10:32  Medivac x2  
  111  10:41  Medivac  
  113  10:45  Missile Turret  
  113  10:58  Factory Tech Lab  
  113  10:59  Factory Tech Lab  
  113  11:01  Thor  
  113  11:02  Medivac  
  121  11:06  Planetary Fortress  
  121  11:09  Missile Turret  
  121  11:16  Refinery x2, SCV x4  
  125  11:28  SCV x3  
  125  11:31  Raven  
  130  11:44  Missile Turret  
  130  11:46  Missile Turret  
  130  11:48  Refinery  
  130  11:50  Missile Turret  
  130  11:52  Sensor Tower  
  130  11:58  Refinery  
  130  12:02  Thor  
  130  12:03  Thor  
  130  12:06  Drilling Claws  
  142  12:16  Marine  
  142  12:17  Marine x8  
  151  12:26  Supply Depot  
  151  12:29  Supply Depot  
  151  12:31  Supply Depot  
  151  12:34  Marine  
  151  12:35  Marine x3  
  155  12:48  Supply Depot  
  155  12:53  Thor  
  155  12:54  Thor x2, Supply Depot  
  155  12:57  Command Center  
  173  12:59  Supply Depot  
  173  13:13  Supply Depot  
  168  13:24  Supply Depot  
  167  13:36  Thor x3  
  184  14:17  Orbital Command  
  179  14:35  Supply Depot x3  
  179  14:36  Supply Depot  
  179  14:37  Supply Depot  
  179  14:39  Supply Depot  
  179  15:00  Supply Depot x2  
  179  15:01  Supply Depot  
Show
View Real Time Build Order
Export as new Build Order

Soulreaver Zerg 

Build Orders: Hatch First, Zergling Baneling 

Get SALT Encoding   

  12  0:01  Drone  
  13  0:12  Overlord  
  13  0:16  Drone  
  14  0:31  Drone x2  
  16  0:49  Hatchery  
  15  0:54  Drone  
  16  0:57  Drone  
  17  1:10  Extractor  
  16  1:12  Spawning Pool  
  16  1:15  Drone  
  16  1:19  Drone  
  16  1:24  Drone  
  18  1:29  Drone  
  19  1:40  Overlord  
  19  1:53  Drone  
  20  2:09  Zergling x4  
  20  2:11  Queen x2  
  20  2:13  Metabolic Boost  
  26  2:21  Zergling x4  
  28  2:33  Baneling Nest  
  28  2:34  Drone  
  28  2:37  Zergling x4  
  28  2:38  Zergling x2  
  31  2:46  Zergling x4  
  33  3:00  Overlord  
  33  3:02  Zergling x2  
  34  3:18  Zergling x6  
  34  3:19  Zergling x2  
  38  3:30  Zergling x8  
  38  3:31  Zergling x4  
  44  3:39  Baneling x5  
  44  3:40  Baneling x2  
  44  3:52  Overlord x2  
  35  4:10  Zergling x14  
  39  4:27  Zergling x4  
  39  4:28  Zergling x4  
  42  4:34  Baneling  
  42  4:35  Baneling x4, Zergling x2  
  37  5:04  Zergling x6  
  37  5:05  Zergling x6  
  38  5:19  Zergling x2  
  38  5:20  Zergling x10  
  38  5:32  Baneling x3  
  38  5:33  Baneling  
  36  5:51  Drone x2  
  36  5:52  Drone x6  
  44  6:09  Drone x4  
  47  6:16  Lair  
  47  6:18  Drone  
  48  6:25  Baneling x5  
  48  6:27  Drone x7  
  48  6:31  Extractor  
  54  6:33  Extractor  
  53  6:55  Drone  
  53  6:56  Drone x2  
  53  6:57  Drone x3  
  59  7:03  Overlord x4  
  59  7:10  Extractor  
  59  7:13  Evolution Chamber  
  57  7:16  Evolution Chamber  
  57  7:17  Drone  
  57  7:18  Drone  
  57  7:20  Drone  
  59  7:22  Hatchery, Extractor  
  59  7:25  Spore Crawler  
  59  7:26  Extractor  
  59  7:27  Spore Crawler  
  59  7:29  Spore Crawler  
  53  7:31  Spore Crawler  
  53  7:36  Infestation Pit  
  51  7:43  Zergling x6  
  51  7:44  Zergling x4  
  56  7:49  Drone x2  
  58  7:53  Zerg Melee Weapons Level 1  
  58  7:59  Zerg Ground Armor Level 1  
  58  8:23  Zergling x4  
  58  8:24  Zergling x8  
  58  8:26  Baneling  
  58  8:27  Baneling x4  
  60  8:48  Overlord x2  
  42  9:10  Zergling x12  
  48  9:18  Pneumatized Carapace  
  48  9:19  Overseer  
  48  9:20  Overseer  
  48  9:26  Hive  
  48  9:29  Zergling x4  
  50  10:15  Hatchery  
  49  10:21  Zergling x4  
  49  10:22  Zergling x16  
  49  10:23  Zergling x10  
  49  10:28  Zerg Ground Armor Level 2, Zerg Melee Weapons Level 2  
  64  10:32  Drone  
  65  10:40  Baneling  
  65  10:41  Baneling x19  
  65  10:42  Centrifical Hooks  
  65  10:48  Viper  
  65  10:49  Viper  
  71  10:57  Viper  
  74  11:09  Drone x6  
  80  11:12  Drone x2  
  80  11:13  Drone x2  
  80  11:14  Drone x2  
  86  11:30  Drone  
  87  11:33  Queen  
  87  11:36  Zergling x6  
  92  11:40  Adrenal Glands  
  92  11:43  Zergling x8  
  92  11:44  Zergling x4, Overlord  
  92  11:45  Overlord  
  98  12:02  Overlord x4  
  98  12:11  Ultralisk Cavern  
  98  12:14  Zergling x2  
  98  12:15  Zergling x16  
  102  12:50  Zergling x10  
  102  12:51  Zergling x14  
  91  14:13  Zergling x6  
  91  14:14  Zergling x10, Ultralisk  
  91  14:15  Ultralisk x5  
  123  14:18  Overlord x3  
  123  14:36  Baneling  
  123  14:37  Baneling x18  
  123  14:38  Baneling x3  
  123  14:39  Hatchery  
Show
View Real Time Build Order
Export as new Build Order

BussiBärchen Protoss 

Build Orders: 1 Gate Expand, Carriers 

Get SALT Encoding   

  12  0:01  Probe  
  13  0:13  Probe  
  14  0:20  Pylon  
  14  0:25  Probe (Chrono Boost)  
  15  0:39  Gateway  
  15  0:40  Probe (Chrono Boost)  
  16  0:45  Probe (Chrono Boost)  
  17  0:56  Assimilator  
  17  1:10  Probe  
  18  1:22  Probe  
  19  1:27  Cybernetics Core  
  19  1:34  Probe  
  19  1:39  Nexus  
  20  1:46  Probe  
  20  1:52  Pylon  
  20  2:00  Assimilator  
  20  2:01  Probe (Chrono Boost)  
  21  2:05  Stalker (Chrono Boost)  
  23  2:13  Probe (Chrono Boost)  
  24  2:25  Probe (Chrono Boost)  
  25  2:35  Probe  
  26  2:47  Probe  
  26  2:49  Nexus  
  27  2:54  Probe (Chrono Boost)  
  28  2:59  Probe (Chrono Boost)  
  29  3:05  Stargate  
  29  3:10  Probe (Chrono Boost)  
  30  3:16  Probe (Chrono Boost)  
  30  3:17  Probe (Chrono Boost)  
  32  3:23  Stargate  
  32  3:28  Probe (Chrono Boost)  
  32  3:29  Assimilator  
  33  3:37  Probe (Chrono Boost)  
  33  3:39  Probe (Chrono Boost)  
  35  3:44  Probe, Assimilator  
  35  3:46  Void Ray  
  36  3:49  Probe  
  41  3:58  Probe (Chrono Boost)  
  41  4:01  Probe (Chrono Boost)  
  43  4:08  Protoss Air Weapons Level 1 (Chrono Boost)  
  43  4:09  Void Ray  
  45  4:11  Probe (Chrono Boost)  
  45  4:13  Probe (Chrono Boost)  
  45  4:14  Probe (Chrono Boost)  
  50  4:21  Probe (Chrono Boost)  
  53  4:25  Probe (Chrono Boost)  
  53  4:26  Probe (Chrono Boost)  
  53  4:27  Probe (Chrono Boost)  
  54  4:31  Probe (Chrono Boost), Pylon  
  54  4:35  Probe, Void Ray (Chrono Boost)  
  54  4:36  Probe  
  61  4:49  Probe x2  
  61  4:50  Probe  
  64  4:55  Pylon  
  64  5:01  Probe x2  
  64  5:02  Fleet Beacon  
  64  5:04  Probe  
  64  5:06  Void Ray (Chrono Boost)  
  67  5:13  Probe x2  
  69  5:16  Probe  
  74  5:24  Pylon  
  74  5:26  Probe (Chrono Boost)  
  77  5:29  Probe (Chrono Boost)  
  77  5:30  Assimilator  
  77  5:33  Probe (Chrono Boost)  
  77  5:36  Void Ray  
  77  5:40  Flux Vanes  
  77  5:42  Probe (Chrono Boost)  
  84  5:44  Probe x2 (Chrono Boost), Stargate  
  84  5:46  Pylon  
  84  5:58  Void Ray  
  88  6:13  Void Ray  
  88  6:23  Probe  
  93  6:28  Assimilator  
  93  6:31  Nexus  
  93  6:34  Pylon  
  93  6:38  Pylon, Forge  
  93  6:46  Void Ray (Chrono Boost)  
  93  6:52  Probe x3  
  93  6:53  Carrier (Chrono Boost)  
  106  7:21  Photon Cannon  
  106  7:22  Photon Cannon  
  106  7:24  Photon Cannon  
  106  7:25  Pylon  
  106  7:26  Phoenix (Chrono Boost)  
  108  7:30  Probe  
  108  7:34  Photon Cannon  
  108  7:35  Photon Cannon  
  109  7:37  Photon Cannon  
  109  7:38  Photon Cannon  
  109  7:40  Protoss Shields Level 1 (Chrono Boost)  
  109  7:41  Pylon  
  109  7:42  Probe x3, Photon Cannon  
  109  7:44  Pylon  
  118  7:46  Phoenix (Chrono Boost)  
  118  7:47  Carrier (Chrono Boost)  
  118  7:48  Phoenix (Chrono Boost)  
  118  7:49  Anion Pulse-Crystals  
  122  7:54  Probe  
  123  7:58  Probe  
  123  7:59  Probe x2  
  123  8:04  Pylon  
  123  8:05  Phoenix  
  128  8:06  Probe, Pylon  
  128  8:09  Phoenix  
  128  8:12  Stargate  
  127  8:30  Phoenix  
  127  8:34  Phoenix  
  127  8:46  Carrier (Chrono Boost)  
  133  8:52  Carrier (Chrono Boost)  
  133  9:12  Carrier (Chrono Boost)  
  133  9:18  Probe x3  
  133  9:19  Assimilator  
  133  9:20  Assimilator  
  134  9:25  Carrier (Chrono Boost)  
  134  9:28  Nexus  
  140  9:31  Pylon  
  140  9:33  Pylon  
  140  9:37  Pylon x2  
  140  9:38  Pylon x2  
  140  9:39  Pylon  
  140  9:41  Pylon  
  140  9:42  Carrier (Chrono Boost)  
  140  9:44  Assimilator  
  140  9:49  Assimilator  
  140  9:56  Carrier  
  140  9:57  Probe  
  147  10:04  Photon Cannon  
  147  10:05  Photon Cannon  
  147  10:06  Probe x3  
  150  10:08  Photon Cannon  
  150  10:10  Photon Cannon  
  150  10:11  Photon Cannon  
  150  10:13  Photon Cannon  
  150  10:16  Carrier (Chrono Boost)  
  150  10:18  Photon Cannon  
  150  10:20  Photon Cannon  
  156  10:23  Photon Cannon  
  156  10:26  Photon Cannon, Carrier (Chrono Boost)  
  162  10:29  Probe x2  
  162  10:30  Probe x2  
  166  10:45  Phoenix (Chrono Boost)  
  166  10:52  Protoss Air Weapons Level 2 (Chrono Boost)  
  166  10:54  Probe x3  
  166  10:57  Twilight Council  
  169  11:04  Carrier (Chrono Boost)  
  175  11:11  Nexus  
  175  11:14  Pylon  
  175  11:17  Pylon  
  175  11:20  Carrier (Chrono Boost)  
  175  11:21  Carrier (Chrono Boost)  
  175  11:22  Pylon  
  175  11:24  Pylon  
  187  11:27  Assimilator  
  187  11:32  Assimilator  
  187  11:41  Photon Cannon  
  187  11:42  Photon Cannon  
  187  11:44  Photon Cannon  
  187  11:46  Photon Cannon  
  187  11:48  Photon Cannon  
  187  11:50  Photon Cannon  
  187  11:52  Photon Cannon, Carrier (Chrono Boost)  
  187  11:58  Photon Cannon  
  187  12:00  Photon Cannon  
  187  12:01  Protoss Shields Level 2 (Chrono Boost)  
  187  12:04  Photon Cannon  
  187  12:39  Stargate  
  187  12:41  Stargate x2  
  187  12:44  Stargate  
  187  12:48  Tempest, Carrier  
  198  13:16  Protoss Air Armor Level 1  
  150  13:46  Carrier  
  150  13:47  Carrier x2  
  168  13:53  Carrier  
  174  14:00  Carrier  
  180  14:23  Carrier  
  180  14:24  Carrier x2  
Tags
 
Add a new tag
Caveats
  • Supply blocks, unpowered buildings, or Contaminate may cause inaccurate times.
  • Supply counts are checked every 10 seconds.